 Dungeon Crawl Stone Soup version 0.23.0 (webtiles) character file.

Game seed: 2512810567148754424

19075 Gargoyl the Cleaver (level 12, -4/100 (101) HPs)
             Began as a Centaur Abyssal Knight on Feb 18, 2019.
             Was a High Priest of Lugonu.
             Slain by a komodo dragon (22 damage)
             ... on level 6 of the Lair of Beasts on Feb 19, 2019.
             The game lasted 00:26:54 (17823 turns).

Gargoyl the Cleaver (Centaur Abyssal Knight)       Turns: 17823, Time: 00:26:55

HP:   -4/100 (101)  AC: 19    Str: 23    XL:     12   Next: 33%
MP:   18/18         EV:  9    Int: 13    God:    Lugonu [*****.]
Gold: 860           SH:  0    Dex: 11    Spells: 11/11 levels left

rFire    . . .     SeeInvis .   Q - +0 executioner's axe (flame)
rCold    . . .     Gourm    .   (shield currently unavailable)
rNeg     . . .     Faith    .   M - +1 ring mail "Pudiok Nylea" {Str+2 Int+2}
rPois    .         Spirit   .   (no helmet)
rElec    .         Reflect  .   b - +2 cloak
rCorr    .         Harm     .   E - +0 pair of gloves
MR       +....                  B - +1 centaur barding
Stlth    ..........             n - amulet of magic regeneration
HPRegen  0.26/turn              R - ring of protection from magic
MPRegen  0.41/turn              f - +3 ring of strength

@: lethally poisoned (-4 -> -16), very quick
A: large, hooves 3, deformed body, speed 2, tough skin 3
a: Depart the Abyss, Bend Space, Banish, Corrupt, Enter the Abyss, Renounce
Religion


You were on level 6 of the Lair of Beasts.
You worshipped Lugonu.
Lugonu was extremely pleased with you.
You were not hungry.

You visited 2 branches of the dungeon, and saw 15 of its levels.
You visited the Abyss 1 time.
You also visited: Sewer.

You collected 896 gold pieces.
You spent 36 gold pieces at shops.

Inventory:

Hand Weapons
 a - a +2 hand axe of freezing
 A - a +2 hand axe of flaming
 Q - a +0 executioner's axe of flaming (weapon)
Missiles
 w - 7 javelins (quivered)
Armour
 b - a +2 cloak (worn)
 o - a +2 buckler
 B - a +1 centaur barding (worn)
 E - a +0 pair of gloves (worn)
 M - the +1 ring mail "Pudiok Nylea" (worn) {Str+2 Int+2}
   (You found it on level 9 of the Dungeon)

   It affects your strength (+2).
   It affects your intelligence (+2).
Jewellery
 f - a +3 ring of strength (right hand)
 l - a +2 ring of evasion
 n - an amulet of magic regeneration (around neck)
 N - an uncursed ring of flight
 R - a ring of protection from magic (left hand)
Wands
 d - a wand of iceblast (11)
 p - a wand of digging (4)
 r - a wand of paralysis (10)
 D - a wand of flame (71)
 J - a wand of acid (9)
 K - a wand of random effects (14)
 P - a wand of polymorph (5)
Scrolls
 g - 3 scrolls of teleportation
 h - 3 scrolls of identify
 k - 9 scrolls of remove curse
 t - 6 scrolls of magic mapping
 x - a scroll of fog
 y - 5 scrolls of fear
 z - 2 scrolls of blinking
 G - 4 scrolls of amnesia
 U - a scroll of enchant armour
Potions
 i - a potion of magic
 j - 4 potions of curing
 m - 2 potions of heal wounds
 q - 2 potions of cancellation
 s - a potion of haste
 u - 3 potions of flight
 v - 6 potions of agility
 C - 2 potions of degeneration {unknown}
 F - a potion of mutation {unknown}
 H - 2 potions of invisibility {unknown}
 I - a potion of brilliance {unknown}
 L - a potion of ambrosia {unknown}
 O - a potion of berserk rage
 S - a potion of resistance {unknown}
 T - a potion of might
Miscellaneous
 e - a phantom mirror
Comestibles
 c - 31 rations


   Skills:
 + Level 7.8 Fighting
 + Level 9.3 Axes
 + Level 1.3 Throwing
 * Level 8.1 Armour
 * Level 6.3 Dodging
 + Level 4.3 Shields
 * Level 9.2 Invocations
 + Level 0.3 Evocations


You had 11 spell levels left.
You didn't know any spells.
Your spell library contained the following spells:

 Spells                   Type           Power        Failure   Level  Hunger
 Animate Skeleton         Necr           N/A          41%         1    ##.....
 Apportation              Tloc           #.....       41%         1    ##.....
 Confusing Touch          Hex            #.....       41%         1    ##.....
 Freeze                   Ice            #...         41%         1    ##.....
 Sting                    Conj/Pois      #...         41%         1    ##.....
 Summon Small Mammal      Summ           #...         41%         1    ##.....
 Poisonous Vapours        Pois/Air       #.....       56%         2    ###....
 Throw Frost              Conj/Ice       #.....       56%         2    ###....
 Mephitic Cloud           Conj/Pois/Air  #.......     80%         3    ####...
 Ozocubu's Armour         Chrm/Ice       #.......     80%         3    ####...
 Static Discharge         Conj/Air       #.......     80%         3    ####...
 Olgreb's Toxic Radiance  Pois           #.......     99%         4    #####..
 Summon Ice Beast         Ice/Summ       #.......     99%         4    #####..
 Throw Icicle             Conj/Ice       #.......     99%         4    #####..
 Lightning Bolt           Conj/Air       #.........   100%        5    ######.
 Venom Bolt               Conj/Pois      #.........   100%        5    ######.
 Ignition                 Fire           #.........   100%        8    #######
 Shatter                  Erth           #.........   100%        9    #######
 Tornado                  Air            #.........   100%        9    #######


Dungeon Overview and Level Annotations

Branches:
Dungeon (9/15)             Temple (0/1) D:6            Lair (6/6) D:9
  Swamp (0/4) Lair:2        Snake (0/4) Lair:4        Slime (0/5) Lair:5
    Orc: D:9-12

Altars:
Hepliaklqana
Kikubaaqudgha
Makhleb
Okawaru
Trog
Yredelemnul
Zin
The Shining One

Shops:
D:4 *   D:9 *


Innate Abilities, Weirdness & Mutations

You have hooves in place of feet.
Armour fits poorly on your strangely shaped body.
You cover ground very quickly.
You have extremely tough skin. (AC +3)


Message History

The water moccasin poisons you! The komodo dragon closely misses you.
The water moccasin bites you but does no damage.
You slice the water moccasin!! You burn the water moccasin.
You kill the water moccasin!
Lugonu accepts your kill.
You hit the komodo dragon. You burn the komodo dragon.
You feel very sick.
The komodo dragon bites you but does no damage.
Unknown command.
You hit the komodo dragon. You burn the komodo dragon.
You kick the komodo dragon, but do no damage.
The komodo dragon is almost dead.
You feel very sick. The komodo dragon bites you!
* * * LOW HITPOINT WARNING * * *
The komodo dragon closely misses you.
You closely miss the komodo dragon.
The komodo dragon is almost dead.
You feel sick. The komodo dragon bites you!!
You die...

....#. .#..
......### #....
......#.##.....
.............#
.............#
#.........P..#
.#....l...#.#
#......@....##
^............#
...........$##
####.......##
#P........#
##P.......## #.
##.........# ##.
#.#.....).##
#..###.........#


You could see a komodo dragon.

Vanquished Creatures
  Harold (D:7)
  A necromancer (Lair:5)
  Joseph (D:9)
  4 black mambas
  8 spiny frogs
  A rime drake (Lair:6)
  3 komodo dragons
  A troll (D:9)
  6 hippogriffs
  3 bog bodies (Lair:2)
  A spriggan (D:8)
  7 yaks
  3 basilisks
  A small abomination (Abyss:2)
  Eustachio (D:6)
  A swamp worm (Lair:2)
  10 water moccasins
  Duvessa (D:7)
  7 porcupines
  An ice beast (D:8)
  Purgy (Sewer)
  2 elephant zombies (Lair:5)
  2 orc warriors
  2 phantoms (D:7)
  A necrophage (D:8)
  3 ogres
  29 wolves
  10 crocodiles
  12 bullfrogs
  Dowan (D:7)
  2 water moccasin skeletons
  3 scorpions
  3 howler monkeys (D:7)
  3 vampire bats (D:4)
  2 electric eels
  14 jellies
  4 crimson imps
  A centaur zombie (D:8)
  Crazy Yiuf (D:5)
  2 quasits
  9 hounds
  3 orc priests
  2 orc wizards
  3 worker ants
  2 crocodile zombies (Lair:5)
  2 hound zombies
  A hound skeleton (D:8)
  4 gnolls (D:4)
  A howler monkey skeleton (D:4)
  9 adders
  2 river rats (D:6)
  5 shadow imps
  3 oozes
  An adder zombie (D:8)
  An adder skeleton (D:5)
  2 worms
  6 leopard geckos
  8 orcs
  4 ball pythons
  9 bats
  3 bat skeletons (D:4)
  3 bat zombies (D:4)
  6 giant cockroaches
  9 hobgoblins
  19 jackals
  10 kobolds
  5 quokkas
  6 frilled lizards
  8 goblins
  A jackal skeleton (D:5)
  A leopard gecko zombie (D:6)
  A quokka skeleton (D:5)
  A quokka zombie (D:5)
  14 rats
  2 fungi (Lair:2)
  A plant (Lair:6)
327 creatures vanquished.

Vanquished Creatures (others)
  A hydra (Lair:2)
  A fungus (Lair:2)
  A plant (Lair:3)
3 creatures vanquished.

Grand Total: 330 creatures vanquished

Notes
Turn   | Place    | Note
-------+----------+-------------------------------------------
     0 | Abyss:1  | Gargoyl the Centaur Abyssal Knight began the quest for the
                  | Orb.
     0 | Abyss:1  | Reached XP level 1. HP: 19/19 MP: 2/2
    56 | Abyss:2  | Noticed a small abomination
    59 | Abyss:2  | Noticed a wretched star
    60 | Abyss:2  | Killed a small abomination
    60 | Abyss:2  | Reached XP level 2. HP: 28/28 MP: 3/3
    60 | Abyss:2  | Noticed a sixfirhy
    61 | Abyss:2  | Reached XP level 3. HP: 35/35 MP: 4/4
    61 | Abyss:2  | Reached XP level 4. HP: 41/41 MP: 5/5
    61 | Abyss:2  | Reached XP level 5. HP: 47/47 MP: 6/6
    61 | D:1      | Escaped the Abyss
   127 | D:1      | Reached * piety under Lugonu
   791 | D:2      | Found a glowing silver altar of Zin.
   802 | D:2      | Reached skill level 5 in Fighting
   884 | D:2      | Reached skill level 1 in Dodging
  1237 | D:2      | Reached ** piety under Lugonu
  1585 | D:3      | Found a basalt altar of Yredelemnul.
  2152 | D:3      | Found a bloodstained altar of Trog.
  2271 | D:3      | Reached XP level 6. HP: 51/56 MP: 8/8
  2590 | D:4      | Reached *** piety under Lugonu
  2863 | D:4      | Reached XP level 7. HP: 59/61 MP: 9/9
  2882 | D:4      | Found Weda's Assorted Antiques.
  3225 | D:4      | Found an iron altar of Okawaru.
  3347 | D:4      | Reached skill level 1 in Shields
  3360 | D:4      | Found an ancient bone altar of Kikubaaqudgha.
  3513 | D:5      | Entered Level 5 of the Dungeon
  3820 | D:5      | Reached XP level 8. HP: 68/69 MP: 11/11
  4094 | D:5      | Found a runed translucent door.
  4095 | D:5      | Noticed Crazy Yiuf
  4214 | D:5      | Killed Crazy Yiuf
  4214 | D:5      | Reached **** piety under Lugonu
  4306 | D:6      | Found a staircase to the Ecumenical Temple.
  4473 | D:6      | Found a glowing drain.
  4509 | Sewer    | Entered a sewer
  4604 | Sewer    | Noticed Purgy
  4617 | Sewer    | Killed Purgy
  4810 | D:6      | Found a hazy altar of Hepliaklqana.
  4843 | D:6      | Noticed Eustachio
  4873 | D:6      | Killed Eustachio
  4998 | D:7      | Noticed a hippogriff
  5021 | D:7      | Killed a hippogriff
  5021 | D:7      | Reached skill level 5 in Axes
  5270 | D:7      | Reached skill level 5 in Invocations
  5442 | D:7      | Noticed Harold
  5646 | D:7      | Killed Harold
  5646 | D:7      | Reached skill level 5 in Armour
  5646 | D:7      | Reached XP level 9. HP: 69/75 MP: 11/13
  5683 | D:7      | Found a glowing golden altar of the Shining One.
  5992 | D:8      | Found an iron altar of Okawaru.
  6391 | D:7      | Noticed Duvessa
  6392 | D:7      | Noticed Dowan
  6402 | D:7      | Killed Duvessa
  6415 | D:7      | Killed Dowan
  7201 | D:8      | Found a burning altar of Makhleb.
  7385 | D:8      | Reached XP level 10. HP: 56/83 MP: 15/15
  7681 | D:8      | Reached ***** piety under Lugonu
  8103 | D:9      | Got an encrusted ring mail
  8332 | D:9      | Identified the +1 ring mail "Pudiok Nylea" {Str+2 Int+2}
                  | (You found it on level 9 of the Dungeon)
  8379 | D:9      | Found a staircase to the Lair.
  8523 | D:9      | Noticed Joseph
  8528 | D:9      | Paralysed by Joseph for 4 turns
  8540 | D:9      | Killed Joseph
  8813 | D:9      | Found Kodd's General Store.
  8818 | D:9      | Bought a potion of curing for 36 gold pieces
  9029 | Lair:1   | Entered Level 1 of the Lair of Beasts
  9029 | Lair:1   | Noticed a black mamba
  9041 | Lair:1   | Killed a black mamba
  9459 | Lair:1   | Noticed a spiny frog
  9476 | Lair:1   | Killed a spiny frog
 10238 | Lair:1   | Noticed a spiny frog
 10250 | Lair:1   | Killed a spiny frog
 10730 | Lair:1   | Reached XP level 11. HP: 84/91 MP: 16/16
 10782 | Lair:1   | Reached skill level 1 in Throwing
 11011 | Lair:2   | Reached skill level 5 in Dodging
 11028 | Lair:2   | Noticed a six-headed hydra
 11612 | Lair:2   | Banished a six-headed hydra
 13466 | Lair:2   | Found a staircase to the Swamp.
 14907 | Lair:3   | Reached XP level 12. HP: 59/99 MP: 18/18
 16159 | Lair:4   | Identified a scroll of acquirement
 16451 | Lair:4   | Found a staircase to the Snake Pit.
 17285 | Lair:5   | Found a staircase to the Slime Pits.
 17677 | Lair:6   | Entered Level 6 of the Lair of Beasts
 17823 | Lair:6   | Slain by a komodo dragon

Skill      XL: |  1  2  3  4  5  6  7  8  9 10 11 12 |
---------------+-------------------------------------+-----
Fighting       | 4 5 6 7 |  7.8
Axes           | 2 3 4 5 6 7 8 9 |  9.3
Armour         | 2 3 5 7 8 |  8.1
Dodging        | 1 2 3 4 6 |  6.3
Invocations    | 3 4 5 7 8 9 |  9.2
Shields        | 1 2 3 4 |  4.3
Throwing       | 1 |  1.3
Evocations     | |  0.3

Action                   |  1- 3 |  4- 6 |  7- 9 | 10-12 || total
-------------------------+-------+-------+-------+-------++-------
Melee: Hand axe          |       |   252 |   482 |   650 ||  1384
       Kick              |       |    53 |   132 |   211 ||   396
       Executioner's axe |       |       |       |    79 ||    79
Throw: Javelin           |       |       |     3 |    16 ||    19
Invok: Depart the Abyss  |       |     1 |       |       ||     1
       Bend Space        |       |       |       |     1 ||     1
       Banish            |       |       |       |     1 ||     1
Evoke: Wand              |     4 |       |     2 |       ||     6
  Use: Scroll            |       |    10 |    10 |     9 ||    29
       Potion            |       |       |     1 |     1 ||     2
  Eat: Chunk             |       |     5 |    13 |    16 ||    34
       Ration            |       |       |       |     4 ||     4
Armor: Chain mail        |       |   168 |   393 |    22 ||   583
       Ring mail         |       |       |       |   364 ||   364
Dodge: Dodged            |       |    73 |   153 |   329 ||   555
Block: Buckler           |       |    54 |   140 |   199 ||   393
